 Dungeon Crawl Stone Soup version 0.29.1-1-gd02db6906a (webtiles) character file.

Game seed: 12338804046615608223

17 Glamhuggeren the Chopper (level 2, -6/23 HPs)
             Began as a Demonspawn Gladiator on Oct 6, 2022.
             Killed from afar by Crazy Yiuf (18 damage)
             ... with a bolt of light
             ... on level 2 of the Dungeon.
             The game lasted 00:04:21 (934 turns).

Glamhuggeren the Chopper (Demonspawn Gladiator)      Turns: 934, Time: 00:04:23

Health: -6/23      AC:  5    Str: 14    XL:     2   Next: 44%
Magic:  2/2        EV: 12    Int:  9    God:
Gold:   51         SH:  0    Dex: 14    Spells: 1/1 levels left

rFire   . . .      SeeInvis .   a - +0 war axe
rCold   . . .      Faith    .   (no shield)
rNeg    . . .      Spirit   .   b - +0 leather armour
rPois   .          Reflect  .   c - +0 helmet
rElec   .          Harm     .   h - +0 cloak
rCorr   .          Rampage  .   (no gloves)
Will    .....                   (no boots)
Stlth   +.........              (no amulet)
HPRegen 0.07/turn               (no ring)
MPRegen 0.08/turn               (no ring)

@: confused
A: demonic magic 1
a: no special abilities


You were on level 2 of the Dungeon.
You visited 1 branch of the dungeon, and saw 2 of its levels.

You collected 51 gold pieces.

Inventory:

Hand Weapons
 a - a +0 war axe (weapon)
Missiles
 d - 2 throwing nets (quivered)
 e - a javelin
 j - 9 poisoned darts
 r - 9 stones
Armour
 b - a +0 leather armour (worn)
 c - a +0 helmet (worn)
 h - a +0 cloak (worn)
 k - a +0 chain mail
Scrolls
 f - a scroll of vulnerability {unknown}
 g - a scroll of identify {unknown}
 n - a scroll of enchant weapon {unknown}
 o - a scroll of torment {unknown}
 p - a scroll of enchant armour {unknown}
 q - 3 scrolls of immolation {unknown}
Potions
 i - 2 potions of curing {unknown}
 l - 2 potions of mutation {unknown}
 m - 2 potions of attraction {unknown}
 s - a potion of heal wounds {unknown}


   Skills:
 + Level 2.3 Fighting
 - Level 2.9 Axes
 - Level 2.0 Throwing
 + Level 2.9 Dodging


You had one spell level left.
You didn't know any spells.
Your spell library was empty.

Dungeon Overview and Level Annotations

Branches:
Dungeon (2/15)

Altars:

Annotations:
D:2 Crazy Yiuf


Innate Abilities, Weirdness & Mutations

Spells you cast may paralyse adjacent enemies.


Message History

You hit the bush.
No target in view!
Partly explored, can't reach some places.
There is a stone staircase leading down here.
You climb downwards.
There is a stone staircase leading up here.
Found a hammer.
Found a runed translucent door.
Press: ? - help, v - describe, . - travel, g - get item Item here: a hammer.
The floor.
You open the door.
Crazy Yiuf drinks a potion.
Crazy Yiuf seems to grow stronger.
Throw: 3 throwing nets
Press: ? - help, Q - select action, (/) - cycle Shift-Dir - straight line, f - Crazy Yiuf
Aim: Crazy Yiuf, wielding a +4 quarterstaff of chaos, wearing a +2 cloak and carrying a wand of light (5) (strong, 64% to hit)
You throw a throwing net. The throwing net hits Crazy Yiuf.
Crazy Yiuf is caught in the net!
Crazy Yiuf struggles against the net.
There is an open translucent door here.
You hit Crazy Yiuf.
Crazy Yiuf is moderately wounded.
Crazy Yiuf zaps a wand.
The bolt of light misses you.
Crazy Yiuf struggles against the net.
You catch the helpless Crazy Yiuf completely off-guard!
You hit Crazy Yiuf.
Crazy Yiuf is moderately wounded.
Crazy Yiuf struggles against the net.
You hit Crazy Yiuf.
Crazy Yiuf is heavily wounded.
Crazy Yiuf zaps a wand.
The bolt of light hits you!
You are confused.
Crazy Yiuf struggles against the net.
You hit Crazy Yiuf but do no damage.
Crazy Yiuf is heavily wounded.
Crazy Yiuf struggles against the net.
You bump into the stone wall.
Crazy Yiuf zaps a wand.
The bolt of light hits you!!
You are more confused.
Ouch! That really hurt!
You die...

#####
#..)#
#...#
#.g.#
#@#
♣♣.♣
♣.♣♣
♣♣.♣
♣.♣♣
♣♣.♣♣
♣...♣♣
♣..P.♣
#....#


You could see Crazy Yiuf (strong, caught).

Vanquished Creatures
  5 ball pythons (D:1)
  An endoplasm (D:1)
  A goblin (D:1)
  2 hobgoblins (D:1)
  3 kobolds (D:1)
  A quokka (D:1)
  A frilled lizard (D:1)
  2 rats (D:1)
16 creatures vanquished.

Vanquished Creatures (others)
  A plant (D:1)
1 creature vanquished.

Grand Total: 17 creatures vanquished

Notes
Turn   | Place    | Note
-------+----------+-------------------------------------------
     0 | D:1      | Glamhuggeren the Demonspawn Gladiator began the quest for
                  | the Orb.
     0 | D:1      | Reached XP level 1. HP: 16/16 MP: 1/1
   194 | D:1      | Gained mutation: Spells you cast may paralyse adjacent
                  | enemies. [demonic ancestry]
   194 | D:1      | Reached XP level 2. HP: 22/22 MP: 2/2
   923 | D:2      | Found a runed translucent door.
   924 | D:2      | Noticed Crazy Yiuf
   934 | D:2      | Killed from afar by Crazy Yiuf

Illustrated notes

Levels and vault maps discovered:
D:1:      amcnicky_arrival_underground_garden, layout_rooms, serial_forest,
          infiniplex_forest_join, infiniplex_forest_corner_1,
          infiniplex_forest_lined_corner, infiniplex_forest_clump_tiny,
          infiniplex_forest_clump_curved, infiniplex_forest_clump_double,
          infiniplex_forest_clump_long
D:2:      layout_basic, serial_shops, nicolae_shop_advertising_works
          [nicolae_subvault_shop_adworks], minmay_misc_feat_columns,
          minmay_rat_hole, uniq_crazy_yiuf_cottage, uniq_sigmund

Skill      XL: |  1 |
---------------+----+-----
Throwing       | 2 |  2.0
Fighting       | |  2.3
Axes           | |  2.9
Dodging        | |  2.9

Action                   || total
-------------------------++-------
Melee: War axe           ||    33
       Punch             ||     1
Throw: Throwing net      ||     1
 Stab: Held in net/web   ||     1
Armor: Leather armour    ||    11
Dodge: Dodged            ||    20
